AoeStats
← Holder

Arabia

510193880Analyzed
1v1 RM · 3d ago on Sep 29, 2026· 24m 45s· 2 players
Game mode
Random Map
Map size
Tiny (2 player)
Population
200
Speed
Normal
Resources
Standard
Victory
Conquest
Starting age
Dark Age
Ending age
Imperial Age
RankedLock teamsTeams togetherTeam positionsShared explorationLock speedFull tech treeHidden civsTurbo modeCheats
Victory
Defeat
🇻🇳 Armenians · Vietnam
1089
+15
🇨🇦 Varangians · Canada
1077
-15
Moulinsart
6:36 Loom
9:10 Feudal Age
18:29 Bloodlines
23:43 Scale Barding Armor
Holder
9:50 Feudal Age
9:56 Man-at-Arms
10:41 Double-Bit Axe
11:21 Horse Collar
12:26 Long Swordsman
16:21 Arson
22:03 Castle Age
21:14 Wheelbarrow
22:40 Castle Age
24:11 Two-Handed Swordsman
Connection lost

Rejoining the realm…

Still unreachable

The connection could not be restored.

Session expired

The server has moved on; the page needs a fresh start.